 Dungeon Crawl Stone Soup version 0.31-a0-1074-g0b22e4e0f1 (webtiles) character file.

Game seed: 2016030378912219555

612 BigPumpCobain the Ruffian (level 7, -1/61 HPs)
             Began as a Troll Shapeshifter on Dec 4, 2023.
             Was an Initiate of Wu Jian.
             Slain by a gnoll
             ... wielding a +0 spear
             ... led by a gnoll sergeant
              (4 damage)
             ... on level 5 of the Dungeon.
             The game lasted 00:06:42 (2995 turns).

BigPumpCobain the Ruffian (Troll Shapeshifter)      Turns: 2995, Time: 00:06:42

Health: -1/61      AC:  4    Str: 29    XL:     7   Next: 20%
Magic:  6/6        EV:  9    Int:  6    God:    Wu Jian [......]
Gold:   356        SH:  0    Dex:  9    Spells: 6/6 levels left

rFire   . . .        m - +11 dagger of the Maze {drain, Str+4}
rCold   . . .        (no shield)
rNeg    . . .        a - +0 animal skin
rPois   .            (helmet currently unavailable)
rElec   .            (cloak currently unavailable)
rCorr   .            (gloves unavailable)
SInv    .            (boots unavailable)
Will    .....        (no amulet)
Stlth   +            (no ring)
HPRegen 1.10/turn    (no ring)
MPRegen 0.10/turn

%: no passive effects
@: beast-form, hasted, very quick
A: beast (slay +3), large, unfitting armour, claws 3, regeneration 1, shaggy fur
1, tough skin 1
a: Begin Untransformation, Renounce Religion


You were on level 5 of the Dungeon.
You worshipped Wu Jian.
Wu Jian was noncommittal.
You were a hulking beast.
You visited 1 branch of the dungeon, and saw 5 of its levels.

You collected 356 gold pieces.

Inventory:

Hand Weapons
 b - a +1 vampiric dagger
 m - the +11 dagger of the Maze (weapon) {drain, Str+4}
   (You took it off a gnoll on level 4 of the Dungeon)

   Str+4:     It affects your strength (+4).
Armour
 a - a +0 animal skin (worn)
Jewellery
 q - a +6 ring of intelligence
 s - a ring of poison resistance
Talismans
 c - a beast talisman
 d - a flux talisman
 k - a talisman of death
Scrolls
 e - a scroll of poison {unknown}
 g - 2 scrolls of fear {unknown}
 h - 3 scrolls of butterflies {unknown}
 i - 3 scrolls of teleportation {unknown}
 j - 5 scrolls of identify {unknown}
 l - a scroll of enchant weapon {unknown}
 o - a scroll of immolation {unknown}
 r - a scroll of acquirement {unknown}
Potions
 n - 2 potions of mutation {unknown}
 p - a potion of curing {unknown}


   Skills:
 - Level 0.7 Fighting
 - Level 1.5 Dodging
 + Level 6.2 Unarmed Combat
 + Level 5.8 Shapeshifting


You had 6 spell levels left.
You didn't know any spells.
Your spell library contained the following spells:

 Spells                   Type           Power      Damage    Failure   Level
 Necrotise                Necr           0%         1d4       45%         1
 Blink                    Tloc           0%         N/A       58%         2
 Lesser Beckoning         Tloc           0%         N/A       58%         2
 Momentum Strike          Conj/Tloc      0%         3d8       58%         2
 Dazzling Flash           Conj/Hex       0%         N/A       83%         3
 Frozen Ramparts          Ice            0%         1d1       83%         3
 Vampiric Draining        Necr           0%         2d6       83%         3
 Volatile Blastmotes      Fire/Tloc      0%         2d10      83%         3
 Petrify                  Tmut/Erth      0%         N/A       99%         4
 Agony                    Necr           0%         N/A       100%        5
 Metabolic Englaciation   Hex/Ice        0%         N/A       100%        5
 Starburst                Conj/Fire      0%         6d3       100%        6
 Maxwell's Capacitive Co  Air            0%         ∞         100%        8


Dungeon Overview and Level Annotations

Branches:
Dungeon (5/15)
 Temple: D:4-7

Altars:
Dithmenos
Okawaru
Wu Jian
The Shining One

Shops:
D:3 *


Innate Abilities, Weirdness & Mutations

You are a hulking beast.
Your limbs bulge with bestial killing power. (Slay +3)
You are too large for most types of armour.
You have claws for hands.
Your natural rate of healing is unusually fast.
You are covered in fur. (AC +1)
You have tough skin. (AC +1)


Message History

The gnoll sergeant is moderately wounded.
The gnoll barely misses you.
The gnoll hits you from afar with a +0 spear.
The gnoll hits you from afar with a +0 spear!
The gnoll closely misses you.
You are too injured to fight recklessly!
You are too injured to fight recklessly!
You are too injured to fight recklessly!
You are too injured to fight recklessly!
You are too injured to fight recklessly!
You are too injured to fight recklessly!
You are too injured to fight recklessly!
You are too injured to fight recklessly!
You are too injured to fight recklessly!
You are too injured to fight recklessly!
You are too injured to fight recklessly!
You are too injured to fight recklessly!
You are too injured to fight recklessly!
You are too injured to fight recklessly!
You are too injured to fight recklessly!
You are too injured to fight recklessly!
You are too injured to fight recklessly!
You are too injured to fight recklessly!
You are too injured to fight recklessly!
You are too injured to fight recklessly!
You hit the gnoll sergeant but do no damage.
The gnoll sergeant is moderately wounded.
The gnoll misses you. The gnoll hits you with a +0 whip.
The gnoll sergeant hits you with a +4 spear of flaming.
* * * LOW HITPOINT WARNING * * *
The gnoll sergeant burns you.
* * * LOW HITPOINT WARNING * * *
The gnoll closely misses you. The gnoll misses you.
Okay, then.
It was a potion of haste.
You feel yourself speed up.
The gnoll hits you from afar with a +0 halberd!
* * * LOW HITPOINT WARNING * * *
The gnoll barely misses you. The gnoll sergeant barely misses you.
The gnoll hits you from afar with a +0 spear.
You die...

+. ....... #≈ ....... #≈
.....>. ... #≈ .......
...### +. .......
#.....####.#gg.....
#....##....g.......
.......##.h.g....#
#.#....###g##.##.##
##.#.........#......#
#...................#
#.....##.....>......###
#....######............
#.....####..............
#.<.###.................
#....))...........≈§≈...


You could see a gnoll sergeant and 4 gnolls.

Vanquished Creatures
  A water moccasin (D:5)
  2 scorpions
  2 hounds
  An orc priest (D:5)
  An iguana (D:4)
  2 orc wizards (D:3)
  6 adders
  9 gnolls
  6 orcs
  8 ball pythons
  12 endoplasms
  4 giant cockroaches
  2 goblins (D:2)
  6 hobgoblins
  6 jackals
  5 quokkas
  10 bats
  4 frilled lizards
  4 kobolds
  6 rats
97 creatures vanquished.

Notes
Turn   | Place    | Note
-------+----------+-------------------------------------------
     0 | D:1      | BigPumpCobain the Troll Shapeshifter began the quest for
                  | the Orb.
     0 | D:1      | Reached XP level 1. HP: 18/18 MP: 0/0
   127 | D:1      | Reached XP level 2. HP: 22/26 MP: 1/1
   669 | D:2      | Reached XP level 3. HP: 30/32 MP: 2/2
   914 | D:2      | Reached skill level 4 in Unarmed Combat
  1038 | D:2      | Reached XP level 4. HP: 40/40 MP: 3/3
  1137 | D:3      | Found an iron altar of Okawaru.
  1383 | D:3      | Noticed a scorpion
  1388 | D:3      | Killed a scorpion
  1389 | D:3      | Reached XP level 5. HP: 38/46 MP: 4/4
  1426 | D:3      | Found a shadowy altar of Dithmenos.
  1439 | D:3      | HP: 1/46 [something (2)]
  1585 | D:3      | Reached skill level 5 in Unarmed Combat
  1604 | D:3      | Found Zuttesy's General Store.
  1960 | D:4      | Identified the +11 dagger of the Maze {drain, Str+4}
  1973 | D:4      | Reached XP level 6. HP: 33/53 MP: 5/5
  2189 | D:4      | Reached skill level 5 in Shapeshifting
  2351 | D:4      | Found an ornate altar of the Wu Jian Council.
  2819 | D:4      | Became a worshipper of the Wu Jian Council
  2844 | D:5      | Entered Level 5 of the Dungeon
  2844 | D:5      | Noticed a water moccasin
  2861 | D:5      | Killed a water moccasin
  2862 | D:5      | Reached skill level 6 in Unarmed Combat
  2862 | D:5      | Reached XP level 7. HP: 26/61 MP: 6/6
  2903 | D:5      | Found a glowing golden altar of the Shining One.
  2995 | D:5      | HP: 3/61 [gnoll/+0 halberd (9)]
  2995 | D:5      | Slain by a gnoll

Illustrated notes

Levels and vault maps discovered:
D:1:      grunt_arrival_crossed_arrows, layout_basic, kennysheep_minor_cross
D:2:      layout_basic
D:3:      minmay_angry_zag, layout_basic, nicolae_dithmenos_shadow_blocks,
          lemuel_crystal_altar, serial_shops, shop
D:4:      layout_basic, mainiacjoe_overflow_small_starburst
D:5:      minmay_razor_zed, layout_cave_pools,
          grunt_temple_overflow_order_and_chaos_1, trog_three_pillars_becter,
          mainiacjoe_overflow_catwalk, mainiacjoe_overflow_catwalk_spiral,
          minmay_temple_entry_fiery, corexii_corridor_pit, hex_tiny,
          minmay_fountain_box, minmay_increasing_density, uniq_sigmund,
          uniq_grinder

Skill      XL: |  1  2  3  4  5  6 |
---------------+-------------------+-----
Unarmed Combat | 4 5 6 |  6.2
Shapeshifting  | 4 5 |  5.8
Fighting       | |  0.7
Dodging        | |  1.5

Action                     |  1- 3 |  4- 6 |  7- 9 || total
---------------------------+-------+-------+-------++-------
  Melee: Unarmed           |    84 |   100 |       ||   184
         Dagger            |       |    34 |    18 ||    52
         Punch             |       |       |     2 ||     2
Ability: Lunge             |       |       |     2 ||     2
    Use: Potion            |       |     3 |     1 ||     4
   Stab: Sleeping          |       |     2 |       ||     2
 Armour: Animal skin       |    47 |    93 |    22 ||   162
         Skin              |       |    42 |       ||    42
  Dodge: Dodged            |    36 |    47 |     9 ||    92

Table legend: (Time is in decaauts)
 A = Elapsed time spent in this place.
 B = Non-inter-level travel time spent in this place.
 C = Inter-level travel time spent in this place.
 D = Time resting spent in this place.
 E = Time spent auto-exploring this place.
 F = Levels seen in this place.
 G = Mean time per level.
                   A        B        C        D        E       F      G
               +--------+--------+--------+--------+--------+-----+--------+
         Total |   2976 |   2872 |    104 |      0 |   2336 |   5 |  595.2 |
       Dungeon |   2976 |   2872 |    104 |      0 |   2336 |   5 |  595.2 |
               +--------+--------+--------+--------+--------+-----+--------+

Top non-repeatable levels by time:
     D:4: 947 daAuts
     D:3: 786 daAuts
     D:1: 603 daAuts
     D:2: 488 daAuts
     D:5: 150 daAuts
